 Dungeon Crawl Stone Soup version 0.31-a0-460-g9e667d4245 (webtiles) character file.

Game seed: 6524698484023786998

1 Ofeo the Ruffian (level 1, -1/15 HPs)
             Began as a Demonspawn Shapeshifter on Aug 4, 2023.
             Slain by a goblin
             ... wielding a +0 dagger
              (3 damage)
             ... on level 1 of the Dungeon.
             The game lasted 00:00:05 (105 turns).

Ofeo the Ruffian (Demonspawn Shapeshifter)           Turns: 105, Time: 00:00:06

Health: -1/15      AC:  2    Str: 15    XL:     1   Next: 16%
Magic:  1/1        EV: 12    Int:  9    God:
Gold:   0          SH:  0    Dex: 13    Spells: 0/0 levels left

rFire   . .          .
                       - Unarmed
rCold   . . .        (no shield)
rNeg    . . .        a - +0 animal skin
rPois   .            (helmet currently unavailable)
rElec   .            (cloak currently unavailable)
rCorr   .            (gloves currently unavailable)
SInv    .            (boots currently unavailable)
Will    .....        (no amulet)
Stlth   +            (no ring)
HPRegen 0.22/turn    (no ring)
MPRegen 0.07/turn

%: no passive effects
@: beast-form
A: beast (slay +1)
a: Begin Untransformation


You were on level 1 of the Dungeon.
You were a hulking beast.
You visited 1 branch of the dungeon, and saw 1 of its levels.

Inventory:

Missiles
 f - 2 throwing nets
Armour
 a - a +0 animal skin (worn)
Talismans
 c - a beast talisman (active)
Potions
 b - a potion of lignification
 d - a potion of brilliance {unknown}
 e - a potion of heal wounds {unknown}
 g - a potion of attraction {unknown}


   Skills:
 + Level 1.0 Fighting
 + Level 1.8 Dodging
 + Level 2.7 Unarmed Combat
 + Level 2.7 Shapeshifting


You couldn't memorise any spells.
You didn't know any spells.
Your spell library was empty.

Dungeon Overview and Level Annotations

Branches:
Dungeon (1/15)

Altars:


Message History

The kobold throws a stone.
The stone hits you but does no damage.
The kobold throws a stone.
The stone misses you.
You closely miss the kobold.
The kobold hits you with a +0 short sword.
You take 3 damage, and have 11/15 hp.
You barely miss the kobold.
The kobold hits you with a +0 short sword.
You take 3 damage, and have 8/15 hp.
You are too injured to fight recklessly!
You are too injured to fight recklessly!
You are too injured to fight recklessly!
You are too injured to fight recklessly!
You are too injured to fight recklessly!
You are too injured to fight recklessly!
You are too injured to fight recklessly!
You are too injured to fight recklessly!
You are too injured to fight recklessly!
You are too injured to fight recklessly!
You are too injured to fight recklessly!
You are too injured to fight recklessly!
You are too injured to fight recklessly!
You hit the kobold.
You kill the kobold!
A goblin comes into view. It is wielding a +0 sling.
The goblin shoots a sling bullet.
The sling bullet hits you.
Things that are here:
a +0 short sword; 5 stones; a kobold corpse You take 2 damage, and have 7/15 hp.
The goblin shoots a sling bullet.
The sling bullet hits you.
* * * LOW HITPOINT WARNING * * *
You take 4 damage, and have 3/15 hp.
MASSIVE DAMAGE!!
Found a ring mail.
The goblin unwields a +0 sling.
The goblin wields a +0 dagger.
The goblin closely misses you. The goblin hits you with a +0 dagger.
* * * LOW HITPOINT WARNING * * *
You take 1 damage, and have 2/15 hp.
You hit the goblin.
The goblin is moderately wounded.
The goblin hits you with a +0 dagger.
You die...

#.##.#.##.##.#.##
#.##.#.#..>#.# #
#.##.#.#.....#
##............#
#.......#####[#
#.###.### #.# #.#
#.# #.# #.#
#.#######.####. #.#
#..[..$hg...... #.#
#######.#####.. #.#
#.# #.# #)# #.# #.#
#.# #.######.
#.#########........
#...........†######
###########.##


You could see a goblin.

Vanquished Creatures
  A kobold (D:1)
  A rat (D:1)
2 creatures vanquished.

Notes
Turn   | Place    | Note
-------+----------+-------------------------------------------
     0 | D:1      | Ofeo the Demonspawn Shapeshifter began the quest for the
                  | Orb.
     0 | D:1      | Reached XP level 1. HP: 15/15 MP: 1/1
   105 | D:1      | Slain by a goblin

Illustrated notes

Levels and vault maps discovered:
D:1:      saegor_arrival_fortress, layout_loops_ring

Action                     || total
---------------------------++-------
  Melee: Unarmed           ||     5
 Armour: Animal skin       ||     1
  Dodge: Dodged            ||     2

Table legend: (Time is in decaauts)
 A = Elapsed time spent in this place.
 B = Non-inter-level travel time spent in this place.
 C = Inter-level travel time spent in this place.
 D = Time resting spent in this place.
 E = Time spent auto-exploring this place.
 F = Levels seen in this place.
 G = Mean time per level.
                   A        B        C        D        E       F      G
               +--------+--------+--------+--------+--------+-----+--------+
         Total |    104 |    104 |      0 |      0 |     83 |   1 |  104.0 |
       Dungeon |    104 |    104 |      0 |      0 |     83 |   1 |  104.0 |
               +--------+--------+--------+--------+--------+-----+--------+

Top non-repeatable levels by time:
     D:1: 104 daAuts
